 Dungeon Crawl Stone Soup version 0.24.1-14-gf8d2b509d9 (webtiles) character file.

Game seed: 16707961035422678408, levelgen mode: deterministic

842 Hugehornet the Cleaver (level 8, -6/46 HPs)
             Began as a Gargoyle Fighter on May 18, 2020.
             Mangled by an ogre
             ... wielding a +0 giant spiked club
              (20 damage)
             ... on level 4 of the Dungeon.
             The game lasted 00:06:59 (5390 turns).

Hugehornet the Cleaver (Gargoyle Fighter)           Turns: 5390, Time: 00:06:59

Health: -6/46      AC: 18    Str: 27    XL:     8   Next: 0%
Magic:  8/8        EV:  4    Int:  9    God:
Gold:   202        SH:  9    Dex:  9    Spells: 7/7 levels left

rFire    . . .     SeeInvis .   a - +0 war axe
rCold    . . .     Gourm    .   c - +0 shield
rNeg     + . .     Faith    .   m - +0 plate armour
rPois    ∞         Spirit   .   h - +0 helmet
rElec    +         Reflect  .   (no cloak)
rCorr    .         Harm     .   (no gloves)
MR       .....                  (no boots)
Stlth    ..........             (no amulet)
HPRegen  0.15/turn              r - +5 ring of strength
MPRegen  0.11/turn              x - ring of poison resistance

@: no status effects
A: negative energy resistance 1, electricity resistance, unbreathing,
petrification resistance, rot immunity, AC +5
a: no special abilities


You were on level 4 of the Dungeon.
You were hungry.

You visited 2 branches of the dungeon, and saw 7 of its levels.
You also visited: Sewer.

You collected 202 gold pieces.

Inventory:

Hand Weapons
 a - a +0 war axe (weapon)
 t - a +2 whip of electrocution
Armour
 b - a +0 scale mail
 c - a +0 shield (worn)
 h - a +0 helmet (worn)
 m - a +0 plate armour (worn)
 v - a +0 cloak
Jewellery
 r - a +5 ring of strength (left hand)
 x - a ring of poison resistance (right hand)
Scrolls
 e - a scroll of random uselessness {unknown}
 g - 4 scrolls of magic mapping
 i - 3 scrolls of teleportation
 j - 5 scrolls of identify {unknown}
 k - 3 scrolls of remove curse {unknown}
 l - 3 scrolls of fear {unknown}
 w - 2 scrolls of enchant weapon {unknown}
Potions
 d - a potion of brilliance {unknown}
 n - 3 potions of flight {unknown}
 o - 4 potions of curing {unknown}
 p - a potion of degeneration {unknown}
 q - a potion of cancellation {unknown}
 s - a potion of magic {unknown}
 u - a potion of heal wounds {unknown}
Comestibles
 f - 9 rations


   Skills:
 - Level 3.2 Fighting
 + Level 8.2 Axes
 - Level 3.2 Armour
 - Level 3.2 Shields


You had 7 spell levels left.
You didn't know any spells.
Your spell library contained the following spells:

 Spells                   Type           Power        Failure   Level  Hunger
 Animate Skeleton         Necr           N/A          100%        1    ##.....
 Pain                     Necr           #...         100%        1    ##.....
 Regeneration             Chrm/Necr      #.........   100%        3    ####...
 Vampiric Draining        Necr           #.........   100%        3    ####...
 Animate Dead             Necr           N/A          100%        4    #####..


Dungeon Overview and Level Annotations

Branches:
Dungeon (6/15)             Temple (1/1) D:4           Sewer (visited)

Altars:
Ashenzari
Dithmenos
Elyvilon
Fedhas
Hepliaklqana
Kikubaaqudgha
Makhleb
Nemelex Xobeh
Okawaru
Qazlal
Ru
Sif Muna
Trog
Uskayaw
Vehumet
Wu Jian
Yredelemnul
Zin
The Shining One

Shops:
D:4 %


Innate Abilities, Weirdness & Mutations

You are resistant to torment.
Your stone body is resilient. (AC +5)
You are immune to poison.
You resist negative energy. (rN+)
You are resistant to electric shocks. (rElec)
You can survive without breathing.
You are immune to petrification.
You are immune to rotting.


Message History

You are too injured to fight recklessly!
You are too injured to fight recklessly!
You closely miss the ogre. You hit the ogre but do no damage.
The ogre barely misses you.
You hit the ogre.
The ogre is lightly wounded.
You block the ogre's attack.
You slash the ogre!
The ogre is moderately wounded.
You block the ogre's attack.
You barely miss the ogre.
The ogre is moderately wounded.
You block the ogre's attack.
You closely miss the ogre.
The ogre is moderately wounded.
The ogre hits you with a +0 giant spiked club!
You hit the ogre but do no damage.
The ogre is moderately wounded.
The ogre hits you with a +0 giant spiked club!!
You die...

##.............#.###....
##...........†..##.....
##........#...........
###......#...........
#................#.#.
**#.#.#.........#..._..
*...#.#......#.##..#.#.
**#.###.###.%.####.......
*...#...@.#...# #........
#.#*#.###O###.#*#........
#.*!..* *l.[*......###..#
*,###,***.###,.####* ####
*,,,*,,,,.#,,,,* #
***,***,*##,,,,* #
*,,,*,*,,,,*** #
***,***,,,,* *,,,,,,***


You could see an ogre and a frilled lizard.

Vanquished Creatures
  5 big kobolds (Sewer)
  A bullfrog (D:6)
  2 hounds (D:4)
  An orc wizard (D:4)
  2 worker ants (D:4)
  A hound zombie (D:6)
  7 gnolls
  11 adders
  4 oozes (Sewer)
  An adder skeleton (D:4)
  6 worms
  A dart slug (D:1)
  4 leopard geckos
  4 orcs
  5 bats
  4 giant cockroaches
  3 goblins
  8 hobgoblins
  3 jackals (D:3)
  10 kobolds
  A quokka (D:3)
  A ball python (Sewer)
  6 frilled lizards
  A leopard gecko skeleton (D:4)
  9 rats
101 creatures vanquished.

Notes
Turn   | Place    | Note
-------+----------+-------------------------------------------
     0 | D:1      | Hugehornet the Gargoyle Fighter began the quest for the
                  | Orb.
     0 | D:1      | Reached XP level 1. HP: 14/14 MP: 1/1
    65 | D:1      | Reached skill level 2 in Axes
   190 | D:1      | Reached XP level 2. HP: 19/19 MP: 2/2
  1112 | D:1      | Reached skill level 3 in Axes
  1145 | D:1      | Reached XP level 3. HP: 20/23 MP: 3/3
  1514 | D:2      | Reached XP level 4. HP: 6/28 MP: 4/4
  1788 | D:2      | Reached skill level 4 in Axes
  2486 | D:3      | Found an ornate altar of the Wu Jian Council.
  2829 | D:3      | Found a shattered altar of Ashenzari.
  2900 | D:3      | Reached XP level 5. HP: 29/32 MP: 5/5
  3360 | D:3      | You fall into a shaft and drop 3 floors!
  3382 | D:6      | Reached skill level 5 in Axes
  3388 | D:6      | Reached XP level 6. HP: 25/37 MP: 6/6
  3574 | D:5      | Entered Level 5 of the Dungeon
  3643 | D:4      | Found a glowing drain.
  3715 | Sewer    | Entered a sewer
  3852 | Sewer    | Reached skill level 6 in Axes
  4459 | Sewer    | Reached XP level 7. HP: 41/41 MP: 7/7
  4511 | Sewer    | Reached skill level 7 in Axes
  4683 | D:4      | Found a staircase to the Ecumenical Temple.
  4692 | Temple   | Entered the Ecumenical Temple
  4892 | D:4      | Reached skill level 8 in Axes
  4917 | D:4      | Found Ibeips's Food Boutique.
  5069 | D:4      | Found a hazy altar of Hepliaklqana.
  5379 | D:4      | Reached XP level 8. HP: 46/46 MP: 8/8
  5390 | D:4      | Mangled by an ogre

Levels and vault maps discovered:
D:1:      lemuel_arrival_cross, layout_basic
D:2:      layout_basic
D:3:      layout_loops_corners, ashenzari_conservatory_becter,
          nicolae_overflow_crystal_walls
D:4:      layout_cave_pools, lemuel_crystal_altar,
          minmay_temple_entry_offerings, first_ration,
          cheibrodos_sewer_entry_bend, serial_shops, shop, minmay_quantized
D:5:      layout_loops_ring
D:6:      layout_gridville, kennysheep_generic_room_14, uniq_blork_the_orc
Temple:   eino_temple_scatter_basement

Skill      XL: |  1  2  3  4  5  6  7 |
---------------+----------------------+-----
Axes           | 2 3 4 5 6 8 |  8.2
Fighting       | |  3.2
Armour         | |  3.2
Shields        | |  3.2

Action                   |  1- 3 |  4- 6 |  7- 9 || total
-------------------------+-------+-------+-------++-------
Melee: War axe           |   111 |   356 |   108 ||   575
  Use: Potion            |       |     1 |       ||     1
       Scroll            |       |     1 |     1 ||     2
  Eat: Chunk             |     2 |    11 |     2 ||    15
Armor: Scale mail        |    71 |    19 |       ||    90
       Plate armour      |       |   230 |    61 ||   291
Dodge: Dodged            |    37 |    63 |     8 ||   108
Block: Shield            |    51 |   216 |    45 ||   312
